 Dungeon Crawl Stone Soup version 0.31-a0-455-g1a7b003ef0 (webtiles) character file.

Game seed: 14458700601767943891

18 Xavori the Trooper (level 2, 22/22 HPs)
             Began as a Djinni Chaos Knight on Aug 4, 2023.
             Was a Plaything of Xom.
             Quit the game on level 1 of the Dungeon.
             The game lasted 00:00:59 (8744 turns).

Xavori the Trooper (Djinni Chaos Knight)            Turns: 8744, Time: 00:00:59

Health: 22/22      AC:  6    Str:  9    XL:     2   Next: 85%
Gold:   68         EV: 11    Int: 13    God:    Xom [*.....] SH:  0 Dex: 12

rFire   + + .        a - +0 falchion (chaos)
rCold   x . .        (no shield)
rNeg    . . .        b - +3 leather armour
rPois   ∞            (no helmet)
rElec   .            (no cloak)
rCorr   .            (no gloves)
SInv    .            (boots unavailable)
Will    .....        (no amulet)
Stlth   ++           (no ring)
HPRegen 0.23/turn    (no ring)
MPRegen 0.00/turn

%: no passive effects
@: flying
A: sickness immunity, fire resistance 2, cold vulnerability 1, float, innate
caster, HP casting, extra vitality 1, camouflage 1, frail 1, weak 1, subdued
magic 1, MP-powered wands
a: Renounce Religion


You were on level 1 of the Dungeon.
You worshipped Xom.
You were a special plaything of Xom.
You visited 1 branch of the dungeon, and saw 2 of its levels.

You collected 68 gold pieces.

Inventory:

Hand Weapons
 a - a +0 falchion of chaos (weapon)
Armour
 b - a +3 leather armour (worn)
Jewellery
 j - a ring of protection from fire
Scrolls
 c - a scroll of butterflies
 d - a scroll of poison {unknown}
 e - a scroll of identify {unknown}
 h - a scroll of blinking {unknown}
 i - a scroll of fear {unknown}
Potions
 f - a potion of heal wounds {unknown}
 g - a potion of berserk rage {unknown}


   Skills:
 + Level 3.1 Fighting
 + Level 2.9 Long Blades
 + Level 1.5 Armour
 + Level 2.3 Dodging
 + Level 0.2 Stealth
 * Level 0.2 Spellcasting
 * Level 0.2 Conjurations
 * Level 0.2 Hexes
 * Level 0.2 Summonings
 * Level 0.2 Necromancy
 * Level 0.2 Translocations
 * Level 0.2 Transmutations
 * Level 0.2 Fire Magic
 * Level 0.2 Ice Magic
 * Level 0.2 Air Magic
 * Level 0.2 Earth Magic
 * Level 0.2 Poison Magic You didn't know any spells. Your spell library was empty.

Dungeon Overview and Level Annotations

Branches:
Dungeon (2/15)

Altars:
Xom


Innate Abilities, Weirdness & Mutations

You are immune to sickness and miasma.
You are immune to poison.
Your flesh is very heat resistant. (rF++)
You are vulnerable to cold. (rC-)
You float through the air rather than walking.
You learn spells naturally, not from books.
Your magical power is your life essence.
You have superior vitality. (+4 MHP)
Your skin changes colour to match your surroundings (Stealth+).
You are frail. (-10% HP)
You are weak. (Str -2)
Your spells are a little easier to cast, but a little less powerful.
You expend health (3 HP) to strengthen your wands.


Message History

There is a stone staircase leading down here.
You start waiting.
Done waiting.
You start waiting.
Done waiting.
You start waiting.
Done waiting.
You start waiting.
Done waiting.
You start waiting.
Done waiting.
You start waiting.
Done waiting.
You start waiting.
You start waiting.
You start waiting.
You start waiting.
You start waiting.
You start waiting.
You start waiting.
You start waiting.
You start waiting.
You start waiting.
You start waiting. "Let me alter your body."
Your body is suffused with distortional energy.
Your system partially rejects the healing effects of potions.
You feel weaker.
Your system completely accepts the healing effects of potions.
You feel frail.
Unknown command.
You start waiting.
You hear Xom's maniacal laughter.
There are monsters nearby!
There are monsters nearby!
There are monsters nearby!
There are monsters nearby!
There are monsters nearby!
There are monsters nearby!
Are you sure you want to abandon this character and quit the game? (Confirm with "yes".)

..# #.......#######
..# #.............#
..# ###....(#.#####
..# ###.#.#.# ..#
#......# ###
..######......# #.#
##............# #.#
.........##...###.#
................@.#
........###......5###
........# #......5..#
........# ##.##...###
.#......# #.##...#
.#......# #.##..##
........#####...##
#.......##....###
..#######..####


You could see an iron imp (summoned) and a crimson imp (summoned).

Vanquished Creatures
  3 bats (D:1)
  3 endoplasms (D:1)
  3 hobgoblins
  A ball python (D:1)
  4 goblins (D:1)
14 creatures vanquished.

Notes
Turn   | Place    | Note
-------+----------+-------------------------------------------
     0 | D:1      | Xavori the Djinni Chaos Knight began the quest for the Orb.
     0 | D:1      | Reached XP level 1. HP: 20/20 MP: 0/0
   207 | D:1      | XOM: divination: magic mapping
   211 | D:1      | XOM: divination: detect items
   323 | D:1      | Reached XP level 2. HP: 25/25 MP: 0/0
  1019 | D:1      | XOM: 2-stop teleportation journey
  1880 | D:1      | XOM: divination: detect items
  2904 | D:1      | XOM: cloud trail
  3975 | D:1      | XOM: give mutation
  3975 | D:1      | Gained mutation: You expend health (3 HP) to strengthen
                  | your wands. [Xom's mischief]
  4526 | D:1      | XOM: torment (14/25 hp)
  4560 | D:1      | XOM: silly message
  5546 | D:1      | XOM: noise
  5547 | D:1      | XOM: give mutations
  5547 | D:1      | Gained mutation: You passively map a small area around you.
                  | [Xom's grace]
  5547 | D:1      | Gained mutation: Your skin changes colour to match your
                  | surroundings (Stealth+). [Xom's grace]
  5554 | D:1      | XOM: cloud trail
  6242 | D:1      | XOM: summons 2 hostile shadow creatures
  6581 | D:1      | XOM: give mutations
  6581 | D:1      | Gained mutation: Your spells are a little easier to cast,
                  | but a little less powerful. [Xom's mischief]
  6581 | D:1      | Gained mutation: You are robust. (+10% HP) [Xom's mischief]
  6581 | D:1      | Lost mutation: You passively map a small area around you.
                  | [Xom's mischief]
  6581 | D:1      | Lost mutation: You are robust. (+10% HP) [Xom's mischief]
  6757 | D:1      | XOM: summons 1 hostile shadow creature
  6981 | D:1      | XOM: scenery: create altars
  7084 | D:1      | XOM: noise
  7173 | D:1      | XOM: god gift: scroll labelled HAROECETEU {god gift}
  7454 | D:1      | XOM is BORED!
  7454 | D:1      | XOM: summons 1 hostile demon
  8687 | D:1      | XOM: give mutations
  8687 | D:1      | Gained mutation: Potions are less effective at restoring
                  | your health. [Xom's mischief]
  8687 | D:1      | Gained mutation: You are weak. (Str -2) [Xom's mischief]
  8687 | D:1      | Lost mutation: Potions are less effective at restoring your
                  | health. [Xom's mischief]
  8687 | D:1      | Gained mutation: You are frail. (-10% HP) [Xom's mischief]
  8743 | D:1      | XOM: summons 2 hostile demons
  8744 | D:1      | Noticed a crimson imp
  8744 | D:1      | Quit the game

Illustrated notes

Levels and vault maps discovered:
D:1:      dpeg_arrival_signposts, layout_basic, corexii_hall_statues_deadend,
          minmay_split_cup_small
D:2:      layout_basic, serial_shops, shop

Action                     || total
---------------------------++-------
  Melee: Falchion          ||    56
    Use: Scroll            ||     1
 Armour: Leather armour    ||    23
  Dodge: Dodged            ||    40

Table legend: (Time is in decaauts)
 A = Elapsed time spent in this place.
 B = Non-inter-level travel time spent in this place.
 C = Inter-level travel time spent in this place.
 D = Time resting spent in this place.
 E = Time spent auto-exploring this place.
 F = Levels seen in this place.
 G = Mean time per level.
                   A        B        C        D        E       F      G
               +--------+--------+--------+--------+--------+-----+--------+
         Total |   8755 |   8725 |     30 |   7838 |    736 |   2 | 4377.5 |
       Dungeon |   8755 |   8725 |     30 |   7838 |    736 |   2 | 4377.5 |
               +--------+--------+--------+--------+--------+-----+--------+

Top non-repeatable levels by time:
     D:1: 8350 daAuts
     D:2: 405 daAuts
